 Dungeon Sprint DCSS version 0.30-a0-50-gb2d611f6b1 (webtiles) character file.

Game seed: 11776945378712692246

0 MrFrogsmire the Conjurer (level 1, -5/11 HPs)
             Began as an Octopode Conjurer on Sept 4, 2022.
             Slain by Sigmund
             ... wielding a +1 scythe of venom
              (6 damage)
             ... in the Dungeon (Sprint VI: "Thunderdome").
             The game lasted 00:00:24 (18 turns).

MrFrogsmire the Conjurer (Octopode Conjurer)          Turns: 18, Time: 00:00:25

Health: -5/11      AC:  1    Str:  6    XL:     1   Next: 10%
Magic:  1/3        EV: 13    Int: 20    God:
Gold:   200        SH:  0    Dex: 10    Spells: 3/4 levels left

rFire   . . .      SeeInvis .    (no weapon)
rCold   . . .      Faith    .    (no shield)
rNeg    . . .      Spirit   .    (helmet restricted)
rPois   .          Reflect  .    (no amulet)
rElec   .          Harm     .    (no ring)
rCorr   .          Rampage  .    (no ring)
Will    .....      NoTele   +    (no ring)
Stlth   +++.......               (no ring)
HPRegen 0.03/turn                (no ring)
MPRegen 0.08/turn                (no ring)
                                 (no ring)
                                 (no ring)

@: no status effects
A: almost no armour, amphibious, 8 rings, camouflage 1, gelatinous body 1,
(nimble swimmer 1), tentacles
a: no special abilities


You were in the Dungeon.
You visited 1 branch You collected 200 gold pieces.

Inventory:

Wands
 g - a wand of acid (5)
 h - a wand of iceblast (5)
Scrolls
 f - 4 scrolls of blinking
 i - 3 scrolls of butterflies
Potions
 a - 3 potions of magic
 b - a potion of curing
 c - 4 potions of heal wounds
 d - 4 potions of haste
 e - a potion of berserk rage
 j - a potion of resistance


   Skills:
 + Level 2.0 Dodging
 + Level 2.7 Stealth
 + Level 2.0 Spellcasting
 + Level 4.2 Conjurations


You had 3 spell levels left.
You knew the following spells:

 Your Spells              Type           Power      Damage    Failure   Level
a - Magic Dart            Conj           76%        1d6       2%          1

Your spell library contained the following spells:

 Spells                   Type           Power      Damage    Failure   Level
 Searing Ray              Conj           38%        2d5       4%          2
 Dazzling Flash           Conj/Hex       20%        N/A       21%         3
 Fulminant Prism          Conj/Hex       5%         3d7       54%         4
 Iskenderun's Mystic Bla  Conj/Tloc      10%        2d4       54%         4


Dungeon Overview and Level Annotations

Branches:
Dungeon (1/1)

Altars:
Dithmenos
Fedhas
Makhleb
Qazlal
Sif Muna
Trog
Yredelemnul

Shops:
D *[?

Annotations:
D Sigmund


Innate Abilities, Weirdness & Mutations

You cannot wear most types of armour.
You are amphibious.
You can wear up to eight rings at the same time.
Your skin changes colour to match your surroundings (Stealth+).
Your rubbery body absorbs attacks. (AC +1, EV +1)
((You are camouflaged when in or above water. (Stealth+)))
You have tentacles for arms and can constrict up to eight enemies at once.


Message History

You are very lightly contaminated with residual magic.
Nothing appears to happen.
Sigmund shouts!
The ball python hisses angrily.
The magic dart hits Sigmund.
Sigmund is lightly wounded.
Sigmund casts a spell at you. The magic dart hits you!
Ouch! That really hurt!
You are too injured to fight recklessly!
You are too injured to fight recklessly!
You are too injured to fight recklessly!
You are too injured to fight recklessly!
You are too injured to fight recklessly!
You are too injured to fight recklessly!
The ball python misses you. The ball python grabs you.
The ball python constricts you. Sigmund barely misses you.
You barely miss the ball python. You grab the ball python.
You constrict the ball python, but do no damage.
The ball python bites you.
* * * LOW HITPOINT WARNING * * *
The ball python constricts you.
* * * LOW HITPOINT WARNING * * *
You tentacle-slap the ball python.
The ball python is moderately wounded.
You constrict the ball python. The ball python closely misses you.
The ball python constricts you. Sigmund closely misses you.
You tentacle-slap the ball python.
You kill the ball python!
Sigmund closely misses you.
Your magical contamination has completely faded away.
You see here a ball python corpse.
You are too injured to fight recklessly!
You are too injured to fight recklessly!
You are too injured to fight recklessly!
Sigmund misses you.
You closely miss Sigmund. Your grab misses Sigmund.
Sigmund is lightly wounded.
Sigmund hits you with a +1 scythe of venom.
Ouch! That really hurt!
You die...

###.... . #⌠...... .
######.8..... ..
##.___......# ..
###∩........8.# .8.
##.............###..
#⌠..@.......# #...#
#⌠..@.......# #.<.#
#⌠...†......###...#
##.............###...
###∩........8.# .8.
##∩___......# ..
######.8.........
#⌠..........
###.........
#........


You could see Sigmund.

Vanquished Creatures
  A ball python (D)
1 creature vanquished.

Notes
Turn   | Place    | Note
-------+----------+-------------------------------------------
     0 | D        | MrFrogsmire the Octopode Conjurer began the quest for the
                  | Orb.
     0 | D        | Reached XP level 1. HP: 11/11 MP: 3/3
     1 | D        | Found a bloodstained altar of Trog.
     2 | D        | Found a shadowy altar of Dithmenos.
     2 | D        | Found a basalt altar of Yredelemnul.
     3 | D        | Found a shimmering blue altar of Sif Muna.
     4 | D        | Found Adwiului's Identification Station.
     4 | D        | Found a blossoming altar of Fedhas.
     4 | D        | Found a stormy altar of Qazlal.
     4 | D        | Found a burning altar of Makhleb.
     5 | D        | Found Vaoll's Advanced Armour.
     5 | D        | Found Wopewn's Jewellery.
     5 | D        | Round 1.
     7 | D        | Noticed Sigmund
    18 | D        | Slain by Sigmund

Illustrated notes

Levels and vault maps discovered:
D:        arena_sprint

Action                   || total
-------------------------++-------
Melee: Unarmed           ||     4
       Constrict         ||     1
 Cast: Magic Dart        ||     1
Dodge: Dodged            ||     6

Table legend: (Time is in decaauts)
 A = Elapsed time spent in this place.
 B = Non-inter-level travel time spent in this place.
 C = Inter-level travel time spent in this place.
 D = Time resting spent in this place.
 E = Time spent auto-exploring this place.
 F = Levels seen in this place.
 G = Mean time per level.
                   A        B        C        D        E       F      G
               +--------+--------+--------+--------+--------+-----+--------+
         Total |     18 |     12 |      6 |      0 |      0 |   1 |   18.0 |
       Dungeon |     18 |     12 |      6 |      0 |      0 |   1 |   18.0 |
               +--------+--------+--------+--------+--------+-----+--------+

Top non-repeatable levels by time:
       D: 18 daAuts
